 Dungeon Crawl Stone Soup version 0.23-a0-484-g29ba69c (webtiles) character file.

13 Lavandula the Sneak (level 2, 0/17 HPs)
             Began as a Halfling Enchanter on Nov 30, 2018.
             Slain by a frilled lizard (3 damage)
             ... on level 1 of the Dungeon.
             The game lasted 00:03:09 (406 turns).

Lavandula the Sneak (Halfling Enchanter)             Turns: 406, Time: 00:03:10

Health: 0/17       AC:  2    Str:  9    XL:     2   Next: 50%
Magic:  3/4        EV: 15    Int: 13    God:
Gold:   50         SH:  0    Dex: 16    Spells: 1/4 levels left

rFire    + . .     SeeInvis .   a - +1 dagger
rCold    x . .     Gourm    .   (shield restricted)
rNeg     . . .     Faith    .   b - +0 robe
rPois    .         Spirit   .   (no helmet)
rElec    .         Reflect  .   (no cloak)
rCorr    .         Harm     .   (no gloves)
MR       .....                  (no boots)
Stlth    ++........             (no amulet)
HPRegen  0.05/turn              e - +2 ring of dexterity
MPRegen  0.09/turn              h - ring of fire

@: no status effects
A: small, mutation resistance 1
a: no special abilities


You were on level 1 of the Dungeon.
You were not hungry.

You visited 1 branch of the dungeon, and saw 2 of its levels.

You collected 50 gold pieces.

Inventory:

Hand Weapons
 a - a +1 dagger (weapon)
Missiles
 c - a stone (quivered)
 g - 20 poisoned needles
Armour
 b - a +0 robe (worn)
Jewellery
 e - a +2 ring of dexterity (left hand)
 h - a ring of fire (right hand)
Scrolls
 i - 2 scrolls of remove curse {unknown}
Potions
 f - a potion of might {unknown}
Comestibles
 d - 3 rations


   Skills:
 + Level 2.9 Short Blades
 - Level 2.1 Dodging
 - Level 3.2 Stealth
 - Level 1.5 Spellcasting
 - Level 2.4 Hexes


You had one spell level left.
You knew the following spells:

 Your Spells              Type           Power        Failure   Level  Hunger
a - Corona                Hex            #......      10%         1    ##.....
b - Ensorcelled Hibernat  Hex/Ice        #.....       24%         2    ###....

Your spell library contained the following spells:

 Spells                   Type           Power        Failure   Level  Hunger
 Confuse                  Hex            #.......     30%         3    ####...
 Tukima's Dance           Hex            #.......     30%         3    ####...
 Dazzling Spray           Conj/Hex       #.....       43%         3    ####...


Dungeon Overview and Level Annotations

Branches:
Dungeon (2/15)

Altars:


Innate Abilities, Weirdness & Mutations

You are small and have problems with some larger weapons.
You are somewhat resistant to further mutation.


Message History

The ooze quivers.
The ooze is too close now for your liking.
A rat comes into view.
Found 22 stones.
A frilled lizard and a rat come into view.
The frilled lizard hisses angrily.
Found a ration.
A bat comes into view.
The frilled lizard bites you. The frilled lizard misses you.
Casting: Corona (safe; 10% risk of failure)
Confirm with . or Enter, or press ? or * to list all spells.
Aiming: Corona (safe; 10% risk of failure)
Press: ? - help, Shift-Dir - straight line, f - ooze
Aim: an ooze (chance to defeat MR: 41%)
The ooze resists with significant effort.
The ooze hits you.
* * * LOW HITPOINT WARNING * * *
The frilled lizard bites you.
You die...

####.####...####.###.######.#
...............).....J.......
####.####...####.##..........
#.# ##### #.##..........
####.# #.##.......$.. ..[..#
#.##.......... .....#
#.#........... .....#
#J#........... .....#
#@#........... .....#
#l##......... .....#
#r######..##. .....#
#.......r..# #.# .....#
#..........# ####.#
#b.......(.# #.# #..........#
####.# #..........# ...#.#
#..%.......+


You could see an ooze, a frilled lizard and 2 rats.

Vanquished Creatures
  A dart slug (D:1)
  A giant cockroach (D:1)
  A goblin (D:1)
  3 hobgoblins (D:1)
  A ball python (D:1)
  A bat (D:1)
  A frilled lizard (D:1)
  2 kobolds
11 creatures vanquished.

Notes
Turn   | Place    | Note
-------+----------+-------------------------------------------
     0 | D:1      | Lavandula the Halfling Enchanter began the quest for the
                  | Orb.
     0 | D:1      | Reached XP level 1. HP: 11/11 MP: 3/3
    90 | D:1      | Reached XP level 2. HP: 11/17 MP: 2/4
   290 | D:1      | Learned a level 2 spell: Ensorcelled Hibernation
   406 | D:1      | Slain by a frilled lizard

Vault maps used:
D:1:      giann_wishing_wells, minmay_misc_feat_rugged
D:2:      nicolae_overflow_hidden_temple, first_ration, serial_aquarium,
          aquarium_bridge_straight, aquarium_window_fake, aquarium_window_2,
          aquarium_window_1, aquarium_window_fake, aquarium_view_2c,
          uniq_jessica

Skill      XL: |  1 |
---------------+----+-----
Short Blades   | 2 |  2.9
Dodging        | |  2.1
Stealth        | |  3.2
Spellcasting   | |  1.5
Hexes          | |  2.4

Action                   || total
-------------------------++-------
Melee: Dagger            ||    27
 Cast: Corona            ||     8
       Ensorcelled Hiber ||     2
 Stab: Sleeping          ||     5
Armor: Robe              ||     2
Dodge: Dodged            ||    13

Table legend:
 A = Non-vault XP
 B = Vault XP
 C = Vault XP percentage of total XP
 D = Non-vault monster count
 E = Vault monster count
 F = Vault count percentage of total count
                 A         B        C        D         E       F
            +---------+---------+-------+---------+---------+-------
      Total |      19 |       0 |   0.0 |      11 |       0 |   0.0
            +---------+---------+-------+---------+---------+-------
        D:1 |      18 |       0 |   0.0 |      10 |       0 |   0.0
        D:2 |       1 |       0 |   0.0 |       1 |       0 |   0.0
            +---------+---------+-------+---------+---------+-------
